 Dungeon Crawl Stone Soup version 0.30.1-4-g462c640d31 (webtiles) character file.

Game seed: 16201755235586264073

14018 growler the Basher (level 12, 0/94 HPs)
             Began as a Human Fighter on Aug 11, 2023.
             Was a High Priest of Okawaru.
             Slain by an orc warrior
             ... wielding a +0 battleaxe
              (5 damage)
             ... on level 11 of the Dungeon.
             The game lasted 00:38:18 (13569 turns).

growler the Basher (Human Fighter)                 Turns: 13569, Time: 00:38:18

Health: 0/94       AC: 14    Str: 21    XL:     12   Next: 40%
Magic:  16/16      EV: 16    Int: 10    God:    Okawaru [*****.]
Gold:   640        SH:  7    Dex: 12    Spells: 11/11 levels left

rFire   . . .        P - +1 eveningstar (holy)
rCold   . . .        c - +0 buckler
rNeg    . . .        b - +0 scale mail
rPois   .            G - +0 helmet
rElec   .            n - +0 cloak
rCorr   .            E - +1 pair of gloves
SInv    +            u - +0 pair of boots
Will    .....        (no amulet)
Stlth   +            A - +5 ring of evasion
HPRegen 0.35/turn    B - ring of see invisible
MPRegen 0.15/turn

%: no passive effects
@: mighty, heroic, slowed, very slow
A: no striking features
a: Renounce Religion, Heroism, Finesse, Duel


You were on level 11 of the Dungeon.
You worshipped Okawaru.
Okawaru was extremely pleased with you.
You visited 2 branches of the dungeon, and saw 12 of its levels.

You collected 640 gold pieces.

Inventory:

Hand Weapons
 r - a +1 flail of protection
 L - a +1 sling of electrocution
 P - a +1 eveningstar of holy wrath (weapon)
Missiles
 D - a throwing net (quivered)
Armour
 b - a +0 scale mail (worn)
 c - a +0 buckler (worn)
 n - a +0 cloak (worn)
 u - a +0 pair of boots (worn)
 E - a +1 pair of gloves (worn)
 G - a +0 helmet (worn)
Jewellery
 h - a ring of protection from cold
 x - a +5 ring of evasion
 A - a +5 ring of evasion (left hand)
 B - a ring of see invisible (right hand)
 H - an amulet of magic regeneration
 Q - a ring of ice
Wands
 t - a wand of flame (28)
 C - a wand of polymorph (22)
 M - a wand of quicksilver (4)
 N - a wand of iceblast (7)
Scrolls
 a - a scroll of fear {unknown}
 e - a scroll of amnesia {unknown}
 f - 4 scrolls of immolation
 g - 2 scrolls of blinking {unknown}
 i - 4 scrolls of magic mapping
 j - a scroll of summoning {unknown}
 k - a scroll of teleportation
 s - a scroll of silence {unknown}
 y - a scroll of torment {unknown}
 z - 2 scrolls of identify
 I - 4 scrolls of enchant weapon
 O - a scroll of poison {unknown}
Potions
 d - 4 potions of lignification
 l - a potion of brilliance
 m - 2 potions of mutation
 o - a potion of heal wounds
 p - 5 potions of curing
 q - a potion of ambrosia
 v - 2 potions of haste
 w - 2 potions of attraction
 F - a potion of might
 J - 4 potions of flight
 K - a potion of cancellation


   Skills:
 + Level 8.7(13.7) Fighting
 * Level 14.5(19.5) Maces & Flails
 - Level 3.0(8.0) Armour
 + Level 8.8(13.8) Shields
 - Level 6.0 Invocations


You had 11 spell levels left.
You didn't know any spells.
Your spell library contained the following spells:

 Spells                   Type           Power      Damage    Failure   Level
 Apportation              Tloc           0%         N/A       71%         1
 Kiss of Death            Conj/Necr      0%         2d5       71%         1
 Necrotise                Necr           0%         1d4       71%         1
 Slow                     Hex            0%         N/A       71%         1
 Blink                    Tloc           0%         N/A       83%         2
 Lesser Beckoning         Tloc           0%         N/A       83%         2
 Momentum Strike          Conj/Tloc      0%         3d8       83%         2
 Confusing Touch          Hex            0%         N/A       97%         3
 Frozen Ramparts          Ice            0%         1d1       97%         3
 Gell's Gravitas          Tloc           0%         N/A       97%         3
 Portal Projectile        Hex/Tloc       0%         N/A       97%         3
 Stone Arrow              Conj/Erth      0%         3d7       97%         3
 Teleport Other           Tloc           0%         N/A       97%         3
 Vampiric Draining        Necr           0%         2d6       97%         3
 Dispel Undead            Necr           0%         3d6       100%        4
 Ice Form                 Ice/Tmut       0%         N/A       100%        4
 Leda's Liquefaction      Hex/Erth       0%         N/A       100%        4
 Dispersal                Tloc           0%         N/A       100%        6
 Lehudib's Crystal Spear  Conj/Erth      0%         10d2      100%        8
 Summon Small Mammal      Summ           Unusable   N/A       N/A         1
 Call Canine Familiar     Summ           Unusable   N/A       N/A         3
 Animate Armour           Summ/Erth      Unusable   N/A       N/A         4
 Summon Ice Beast         Ice/Summ       Unusable   N/A       N/A         4

Dungeon Overview and Level Annotations

Branches:
Dungeon (11/15)            Temple (1/1) D:7            Lair (0/5) D:9
    Orc (0/2) D:11

Altars:
Ashenzari
Dithmenos
Elyvilon
Fedhas
Gozag
Hepliaklqana
Kikubaaqudgha
Makhleb
Nemelex Xobeh
Okawaru
Qazlal
Ru
Sif Muna
Trog
Uskayaw
Vehumet
Wu Jian
Xom
Yredelemnul
Zin
The Shining One

Shops:
D:5 *   D:10 (

Annotations:
D:10 1 runed translucent door, zzuzz's ghost, journeyman TrTm
Temple 2 transporters


Message History

You block the gnoll sergeant's attack. The gnoll sergeant barely misses you.
You impale the gnoll sergeant!!
The gnoll sergeant is almost dead.
You hear a shout!
You impale the gnoll sergeant!!
You kill the gnoll sergeant!
Okawaru accepts your kill.
The kobold brigand throws a curare-tipped dart.
The curare-tipped dart hits you.
You are lethally poisoned!
You have difficulty breathing.
* * * LOW HITPOINT WARNING * * *
You feel yourself slow down.
You feel better.
The kobold brigand throws a curare-tipped dart.
You block the curare-tipped dart.
You miss the kobold brigand.
The kobold brigand completely misses you.
You bludgeon the kobold brigand!!
You kill the kobold brigand!
Okawaru accepts your kill.
You closely miss the troll. The troll barely misses you.
You block the troll's attack. The troll claws you.
* * * LOW HITPOINT WARNING * * *
You bludgeon the troll!!
The troll is heavily wounded.
The troll barely misses you. The troll misses you.
You block the troll's attack.
You impale the troll!!
You kill the troll!
Okawaru accepts your kill.
The troll leather armour is intact enough to wear.
You hit the orc warrior but do no damage.
The orc warrior hits you with a +0 battleaxe!
* * * LOW HITPOINT WARNING * * *
You sock the orc warrior!
The orc warrior is moderately wounded.
The orc warrior hits you with a +0 battleaxe.
You die...

..........................##
#............#####.........##
#............# #..........##
#............# #...........##
[.....###....# #[...........##
......# #....#####.............##
......###.......................#
..........#######...............#
.............ooo@...............#
..)....[..###o###...............#
.รท<.......#8.. #...............#
..........#K.o #..............>#
..........#..g #...............#
..........#KgT #...............#
......###.#8.g #...............#
......# #.#### ##.............##
......###....# #....(...>...##


You could see an orc warrior and 3 orcs.

Vanquished Creatures
  Fannar (D:11)
  Erolcha (D:11)
  2 two-headed ogres (D:10)
  A boulder beetle (D:11)
  2 cyclopes (D:11)
  Maurice (D:11)
  Joseph (D:9)
  An unseen horror (D:9)
  2 trolls
  Grinder (D:6)
  A hornet (D:7)
  Sigmund (D:6)
  10 yaks
  A shadow (D:9)
  5 wyverns
  A vampire (D:11)
  2 wraiths
  A slime creature (D:5)
  Menkaure (D:7)
  2 water moccasins
  An acid dragon (D:11)
  4 ice beasts
  4 orc warriors
  3 ogres
  A black bear (D:5)
  4 centaurs
  A phantom (D:4)
  11 kobold brigands
  3 bullfrogs
  A gnoll sergeant (D:11)
  3 scorpions
  8 wights
  16 killer bees
  6 jellies
  3 gnoll boudas
  An orc priest (D:2)
  3 hounds
  5 iguanas
  2 sleepcaps (D:5)
  10 orc wizards
  13 gnolls
  9 adders
  A shadow imp (D:6)
  4 ufetubi
  A worm (D:2)
  2 dart slugs
  28 orcs
  9 ball pythons
  8 bats
  15 endoplasms
  5 giant cockroaches
  8 hobgoblins
  6 jackals
  3 quokkas
  A frilled lizard (D:3)
  7 goblins
  36 kobolds
  5 rats
289 creatures vanquished.

Vanquished Creatures (others)
  An orc wizard (D:10)
  A kobold (D:9)
2 creatures vanquished.

Grand Total: 291 creatures vanquished

Notes
Turn   | Place    | Note
-------+----------+-------------------------------------------
     0 | D:1      | growler the Human Fighter began the quest for the Orb.
     0 | D:1      | Reached XP level 1. HP: 18/18 MP: 1/1
    91 | D:1      | Reached XP level 2. HP: 24/24 MP: 2/2
   372 | D:1      | Reached skill level 3 in Maces & Flails
   392 | D:1      | Reached XP level 3. HP: 5/29 MP: 3/3
   659 | D:1      | Found a faded altar of an unknown god.
  1058 | D:2      | Reached skill level 4 in Maces & Flails
  1058 | D:2      | Reached XP level 4. HP: 35/35 MP: 4/4
  1255 | D:2      | Reached skill level 5 in Maces & Flails
  1255 | D:2      | Reached XP level 5. HP: 24/41 MP: 5/5
  1888 | D:3      | Reached XP level 6. HP: 8/47 MP: 6/6
  2427 | D:3      | Reached skill level 6 in Maces & Flails
  3142 | D:4      | Found a glowing golden altar of the Shining One.
  3160 | D:4      | Reached XP level 7. HP: 28/52 MP: 7/7
  3418 | D:4      | Reached skill level 7 in Maces & Flails
  3798 | D:4      | Found a white marble altar of Elyvilon.
  3932 | D:5      | Entered Level 5 of the Dungeon
  3945 | D:5      | Reached skill level 8 in Maces & Flails
  4147 | D:5      | Reached XP level 8. HP: 45/58 MP: 8/8
  4488 | D:5      | Reached skill level 9 in Maces & Flails
  4657 | D:5      | Found Suum's Assorted Antiques.
  4996 | D:5      | Noticed a slime creature
  5016 | D:5      | Killed a slime creature
  5178 | D:5      | Reached skill level 10 in Maces & Flails
  5186 | D:5      | Reached XP level 9. HP: 63/65 MP: 9/9
  5276 | D:5      | Found a sparkling altar of Nemelex Xobeh.
  5279 | D:5      | Found a basalt altar of Yredelemnul.
  5279 | D:5      | Found an ancient bone altar of Kikubaaqudgha.
  5279 | D:5      | Found a burning altar of Makhleb.
  5279 | D:5      | Found a shadowy altar of Dithmenos.
  6032 | D:6      | Noticed Sigmund
  6054 | D:6      | Killed Sigmund
  6327 | D:6      | Noticed Grinder
  6328 | D:6      | Paralysed by Grinder for 5 turns
  6355 | D:6      | Killed Grinder
  6356 | D:6      | Reached skill level 5 in Fighting
  6356 | D:6      | Reached skill level 11 in Maces & Flails
  6356 | D:6      | Reached skill level 5 in Shields
  6836 | D:7      | Found a staircase to the Ecumenical Temple.
  6866 | Temple   | Entered the Ecumenical Temple
  6866 | Temple   | Found a transporter.
  6866 | Temple   | Found a transporter.
  6868 | Temple   | Found a transporter.
  6868 | Temple   | Found a transporter.
  6884 | Temple   | Became a worshipper of Warmaster Okawaru
  6990 | D:7      | Noticed a hornet
  7010 | D:7      | Killed a hornet
  7014 | D:7      | Reached XP level 10. HP: 32/74 MP: 10/10
  7283 | D:7      | Found a blossoming altar of Fedhas.
  7295 | D:7      | Noticed Menkaure
  7431 | D:7      | Killed Menkaure
  7432 | D:7      | Reached skill level 1 in Invocations
  8170 | D:7      | Reached * piety under Okawaru
  8458 | D:8      | Reached skill level 12 in Maces & Flails
  9094 | D:8      | Reached ** piety under Okawaru
  9493 | D:9      | Noticed Joseph
  9699 | D:9      | Killed Joseph
  9804 | D:9      | Noticed an unseen horror
  9819 | D:9      | Killed an unseen horror
  9935 | D:9      | Reached XP level 11. HP: 77/83 MP: 12/14
  9959 | D:9      | Reached *** piety under Okawaru
 10349 | D:9      | Reached skill level 13 in Maces & Flails
 10482 | D:9      | Reached skill level 5 in Invocations
 10593 | D:9      | Found a staircase to the Lair.
 10609 | D:9      | Found a radiant altar of Vehumet.
 10854 | D:9      | Identified a scroll of acquirement
 10855 | D:9      | Acquired a +1 eveningstar of holy wrath
 10892 | D:10     | Entered Level 10 of the Dungeon
 10912 | D:10     | Reached **** piety under Okawaru
 11022 | D:10     | Found Futedub's Antique Weapon Boutique.
 11095 | D:10     | Noticed a two-headed ogre
 11103 | D:10     | Killed a two-headed ogre
 11160 | D:10     | Reached ***** piety under Okawaru
 11421 | D:10     | Found a runed translucent door.
 11422 | D:10     | Noticed zzuzz's ghost (journeyman TrTm)
 11665 | D:11     | Noticed Maurice
 11983 | D:11     | Killed Maurice
 12047 | D:11     | Noticed Erolcha
 12048 | D:11     | Noticed Fannar
 12054 | D:11     | Noticed a two-headed ogre
 12056 | D:11     | Killed Erolcha
 12253 | D:10     | Killed a two-headed ogre
 12415 | D:11     | Killed Fannar
 12416 | D:11     | Reached XP level 12. HP: 35/92 MP: 16/16
 12754 | D:11     | Noticed a boulder beetle
 12769 | D:11     | Killed a boulder beetle
 12770 | D:11     | Reached skill level 14 in Maces & Flails
 13518 | D:11     | Found a staircase to the Orcish Mines.
 13569 | D:11     | Slain by an orc warrior

Illustrated notes

Levels and vault maps discovered:
D:1:      ncdulo_lavacross, layout_basic, serial_glass, glass_columns_c,
          glass_columns_c, ebering_ecumenical_altar_petrified,
          serial_bayou_lake_a
D:2:      layout_rooms, grunt_ministairs_12
D:3:      layout_basic
D:4:      layout_cave_pools, kennysheep_mini, nicolae_elyvilon_temple_path,
          minmay_diced_spiral
D:5:      cheibrodos_fertilizer, layout_basic, grunt_temple_overflow_open,
          serial_shops, nicolae_shop_just_a_little_nook
D:6:      layout_basic, uniq_grinder, uniq_sigmund
D:7:      layout_basic, mainiacjoe_overflow_concentric_impassable,
          minmay_temple_entry_statues_pillars, uniq_menkaure
D:8:      layout_rooms, serial_co_window_serial, co_window_paths_a,
          co_window_of_opportunity_a, co_window_paths_a, co_window_paths_a,
          co_window_paths_a, co_window_paths_a, co_window_of_opportunity_c,
          co_window_paths_c, co_window_broadway_b, glass_columns_a,
          glass_columns_b, glass_columns_b, glass_columns_a
D:9:      layout_rooms, lemuel_tele_altar, dpeg_oklobed_lair, uniq_joseph
D:10:     layout_cave_pools, serial_shops, shop, gammafunk_ghost_grave
D:11:     layout_big_octagon, kennysheep_orc_monster_closet_entryway,
          nicolae_transmutations_shop, uniq_erolcha, uniq_fannar, uniq_maurice,
          uniq_snorg
Temple:   hellmonk_temple_divided_pantheon

Skill      XL: |  1  2  3  4  5  6  7  8  9 10 11 12 |
---------------+-------------------------------------+-----
Maces & Flails | 3 4 5 6 8 10 11 12 13 14 | 14.5
Fighting       | 5 6 8 |  8.7
Shields        | 5 6 8 |  8.8
Invocations    | 4 6 |  6.0
Armour         | |  3.0

Action                     |  1- 3 |  4- 6 |  7- 9 | 10-12 || total
---------------------------+-------+-------+-------+-------++-------
  Melee: Flail             |   105 |   154 |   347 |   519 ||  1125
         Eveningstar       |       |       |       |   265 ||   265
 Invoke: Heroism           |       |       |       |     3 ||     3
    Use: Potion            |     1 |       |     1 |     4 ||     6
         Scroll            |       |     9 |     3 |     6 ||    18
 Armour: Scale mail        |    61 |    81 |   117 |   268 ||   527
  Dodge: Dodged            |    51 |    75 |   169 |   594 ||   889
  Block: Buckler           |    29 |    36 |    50 |   236 ||   351
